 Dungeon Crawl Stone Soup version 0.30.1-4-g462c640d31 (webtiles) character file.

Game seed: 6472297225052908859

80 amaziah the Trooper (level 4, -2/29 HPs)
             Began as a Gargoyle Berserker on Aug 14, 2023.
             Was a Believer of Trog.
             Slain by a gnoll
             ... wielding a +3 halberd
              (6 damage)
             ... on level 3 of the Dungeon.
             The game lasted 00:14:26 (1146 turns).

amaziah the Trooper (Gargoyle Berserker)            Turns: 1146, Time: 00:14:26

Health: -2/29      AC: 17    Str: 22    XL:     4   Next: 39%
Magic:  4/4        EV:  8    Int:  8    God:    Trog [**....]
Gold:   90         SH:  0    Dex:  9    Spells: 3/3 levels left

rFire   . . .        a - +0 mace
rCold   . . .        (no shield)
rNeg    + . .        i - +1 chain mail
rPois   ∞            g - +0 helmet
rElec   +            (no cloak)
rCorr   .            j - +2 pair of gloves
SInv    .            (no boots)
Will    .....        e - amulet of faith Stlth
                     (no ring)
HPRegen 0.24/turn    (no ring)
MPRegen 0.09/turn

%: faith
@: no status effects
A: sickness immunity, AC +3, negative energy resistance 1, electricity
resistance, torment resistance 1, petrification resistance
a: Renounce Religion, Berserk, Trog's Hand


You were on level 3 of the Dungeon.
You worshipped Trog.
Trog was pleased with you.
You visited 1 branch of the dungeon, and saw 3 of its levels.

You collected 90 gold pieces.

Inventory:

Hand Weapons
 a - a +0 mace (weapon)
Armour
 g - a +0 helmet (worn)
 i - a +1 chain mail (worn)
 j - a +2 pair of gloves (worn)
Jewellery
 d - an amulet of faith
 e - an amulet of faith (around neck)
 h - a ring of wizardry
Scrolls
 b - a scroll of identify
Potions
 c - 2 potions of brilliance


   Skills:
 + Level 4.0 Fighting
 + Level 3.8 Maces & Flails
 * Level 2.8 Armour
 + Level 2.1 Dodging
 + Level 0.3 Stealth


You had 3 spell levels left.
You didn't know any spells.
Your spell library was empty.

Dungeon Overview and Level Annotations

Branches:
Dungeon (3/15)

Altars:

Shops:
D:1 :


Innate Abilities, Weirdness & Mutations

You are immune to sickness and miasma.
Your stone body is resilient. (AC +3)
You are immune to poison.
You resist negative energy. (rN+)
You are resistant to electric shocks. (rElec)
You are resistant to unholy torment.
You are immune to petrification.


Message History

You completely miss the adder. The adder closely misses you.
The adder bites you but does no damage.
You hit the adder but do no damage. The adder bites you but does no damage.
You hit the adder. Your punch misses the adder.
The adder is moderately wounded.
The adder bites you but does no damage. x2
The gnoll barely misses you. The adder misses you.
You hit the adder but do no damage.
The adder is moderately wounded.
The adder bites you but does no damage.
You hit the adder.
The adder is severely wounded.
The adder bites you.
The gnoll hits you from afar with a +3 halberd.
* * * LOW HITPOINT WARNING * * *
The adder bites you but does no damage. The gnoll hits you but does no damage.
You closely miss the adder.
The adder is severely wounded.
The adder closely misses you. The gnoll closely misses you.
You closely miss the adder.
The adder is severely wounded.
The adder barely misses you. The gnoll hits you but does no damage.
The adder bites you but does no damage.
You miss the adder.
The adder is severely wounded.
The adder bites you but does no damage.
The gnoll hits you from afar with a +3 halberd.
* * * LOW HITPOINT WARNING * * *
The adder bites you but does no damage.
You closely miss the adder.
The adder is severely wounded.
The gnoll barely misses you. The adder bites you.
* * * LOW HITPOINT WARNING * * *
You hit the adder.
You kill the adder!
Trog accepts your kill. The gnoll closely misses you.
The gnoll hits you from afar with a +3 halberd.
You die...

##### ####...###
#....#...# ##
#.##.#.#.###.#
###....#......# #
#.g.#######..## ..
#.#..g.#g.....#.#
#@#.##.#.#.....#
#.#.g..#.g.#.###
#.####...###.# #.#
##### #.# #.# ##g##
#.# ##...## #.##
##.....## ####..##
##g......##
#......####.........#


You could see a gnoll.

Vanquished Creatures
  Robin (D:2)
  A gnoll (D:3)
  2 adders
  3 orcs (D:3)
  A ball python (D:1)
  5 bats
  3 endoplasms
  4 giant cockroaches (D:1)
  7 goblins
  6 hobgoblins
  3 jackals (D:1)
  2 quokkas (D:1)
  2 frilled lizards (D:2)
  A kobold (D:1)
  3 rats
44 creatures vanquished.

Notes
Turn   | Place    | Note
-------+----------+-------------------------------------------
     0 | D:1      | amaziah the Gargoyle Berserker began the quest for the Orb.
     0 | D:1      | Reached XP level 1. HP: 14/14 MP: 1/1
   235 | D:1      | Reached XP level 2. HP: 19/19 MP: 2/2
   509 | D:1      | Found Pirosk's Book Boutique.
   517 | D:1      | Reached ** piety under Trog
   546 | D:1      | Reached XP level 3. HP: 17/24 MP: 3/3
   627 | D:2      | Noticed Robin
   667 | D:2      | Killed Robin
   679 | D:2      | Reached skill level 4 in Fighting
   719 | D:2      | Reached XP level 4. HP: 29/29 MP: 4/4
  1146 | D:3      | Slain by a gnoll

Illustrated notes

Levels and vault maps discovered:
D:1:      lightli_arrival_boilingwater, layout_basic, serial_shops, shop,
          due_unseen_surprise
D:2:      layout_rooms, uniq_robin
D:3:      layout_loops_corners, lemuel_tele_altar, amethyst_killhole,
          small_statue_intersection, grunt_ministairs_2, minmay_misc_feat_rows,
          hangedman_abyss_or_decor_lesser_grid

Skill      XL: |  1  2  3 |
---------------+----------+-----
Dodging        | 2 |  2.1
Fighting       | 4 |  4.0
Maces & Flails | |  3.8
Armour         | |  2.8
Stealth        | |  0.3

Action                     |  1- 3 |  4- 6 || total
---------------------------+-------+-------++-------
  Melee: Mace              |   108 |    71 ||   179
         Punch             |     2 |       ||     2
    Use: Scroll            |     3 |     2 ||     5
         Potion            |     1 |       ||     1
   Stab: Sleeping          |     1 |       ||     1
 Armour: Animal skin       |    62 |     8 ||    70
         Chain mail        |       |    71 ||    71
  Dodge: Dodged            |   108 |    48 ||   156
